 Dungeon Crawl Stone Soup version 0.31-a0-152-g6aa68a64a1 (webtiles) character file.

Game seed: 7843094888363382007

110441 qw the Crack Shot (level 16, -2/149 HPs)
             Began as a Minotaur Hunter on June 10, 2023.
             Was an Elder of Okawaru.
             Slain by an emperor scorpion (39 damage)
             ... on level 1 of the Spider Nest.
             The game lasted 00:10:09 (18094 turns).

qw the Crack Shot (Minotaur Hunter)                Turns: 18094, Time: 00:10:10

Health: -2/149     AC:  8    Str: 29    XL:     16   Next: 7%
Magic:  5/22       EV: 16    Int:  6    God:    Okawaru [****..]
Gold:   54         SH:  0    Dex: 28    Spells: 15/15 levels left

rFire   . . .        l - +3 triple crossbow (heavy)
rCold   + . .        (shield currently unavailable)
rNeg    . . .        v - +2 leather armour "Vutuam" {*Slow Regen+ Str+5 Dex+3}
rPois   +            (helmet restricted)
rElec   .            d - scarf of Beogh's Inspiration {repulsion, rPois Regen+ Str+2}
rCorr   +            h - +2 pair of gloves
SInv    +            m - +2 pair of boots
Will    +....        e - amulet of faith
Stlth   ++++         u - ring "Utoutaom" {Contam rC+ rCorr Str+3 SInv}
HPRegen 2.04/turn    b - +6 ring of dexterity
MPRegen 0.18/turn

%: slow self (1%), repel missiles, faith
@: about to teleport, heroic, marked, corroded, held, slowed, very slow
A: horns 2, retaliatory headbutt, deformed body, screaming 1, wild magic 1
a: Renounce Religion, Heroism, Finesse


You were on level 1 of the Spider Nest.
You worshipped Okawaru.
Okawaru was greatly pleased with you.
You visited 5 branches of the dungeon, and saw 24 of its levels.

You collected 2048 gold pieces.
You spent 1994 gold pieces at shops.


Innate Abilities, Weirdness & Mutations

You have a pair of horns on your head.
You reflexively headbutt those who attack you in melee.
Armour fits poorly on your strangely shaped body.
You occasionally shout uncontrollably at your foes.
Your spells are a little harder to cast, but a little more powerful.


   Skills:
 - Level 15.0(20.0) Fighting
 - Level 22.0(27) Ranged Weapons
 - Level 6.1(11.1) Armour
 + Level 14.7(19.7) Dodging
 - Level 0.7(5.7) Stealth
 - Level 10.0 Invocations


You had 15 spell levels left.
You didn't know any spells.
Your spell library was empty.

Inventory:

Hand Weapons
 j - a +3 longbow of flaming
 l - a +3 heavy triple crossbow (weapon)
Armour
 d - the scarf of Beogh's Inspiration (worn) {repulsion, rPois Regen+ Str+2}
   (You acquired it on level 5 of the Dungeon)

   Str:       It affects your strength (+2).
   rPois:     It protects you from poison.
   Regen:     It increases your rate of health regeneration.
 h - a +2 pair of gloves (worn)
 i - the +2 robe "Noolihor" {Rampage Drain rF+ Regen+}
   (You found it on level 4 of the Dungeon)

   rF:        It protects you from fire.
   Regen:     It increases your rate of health regeneration.
   Drain:     It drains your maximum health when unequipped.
   Rampage:   It bestows one free step when moving towards enemies.
 m - a +2 pair of boots (worn)
 o - the +1 cloak "Pofotha" {Dex+3}
   (You acquired it on level 2 of the Lair of Beasts)

   Dex:       It affects your dexterity (+3).
 v - the +2 leather armour "Vutuam" (worn) {*Slow Regen+ Str+5 Dex+3}
   (You found it on level 4 of the Lair of Beasts)

   Str:       It affects your strength (+5).
   Dex:       It affects your dexterity (+3).
   Regen:     It increases your rate of health regeneration.
   *Slow:     It may slow you when you take damage.
Jewellery
 b - a +6 ring of dexterity (right hand)
 e - an amulet of faith (around neck)
 k - a ring of protection from fire
 t - an amulet of regeneration
 u - the ring "Utoutaom" (left hand) {Contam rC+ rCorr Str+3 SInv}
   (You bought it in a shop on level 2 of the Orcish Mines)

   [ring of resist corrosion]

   Str:       It affects your strength (+3).
   rC:        It protects you from cold.
   SInv:      It lets you see invisible.
   Contam:    It causes magical contamination when unequipped.
   rCorr:     It protects you from acid and corrosion.
 Y - a +5 ring of evasion
Wands
 q - a wand of digging (9)
Scrolls
 a - 6 scrolls of identify
 n - a scroll of teleportation
Potions
 f - 4 potions of haste
 g - 3 potions of might
 p - a potion of mutation
 r - a potion of curing
 s - 4 potions of cancellation

Dungeon Overview and Level Annotations

Branches:
Dungeon (15/15)            Temple (1/1) D:6            Lair (5/5) D:9
 Shoals (0/4) Lair:2       Spider (1/4) Lair:2        Slime (0/5) Lair:5
    Orc (2/2) D:9             Elf (0/3) Orc:2        Vaults (0/5) D:13
 Depths (0/4) D:15

Altars:
Ashenzari
Cheibriados
Dithmenos
Elyvilon
Fedhas
Gozag
Hepliaklqana
Kikubaaqudgha
Makhleb
Nemelex Xobeh
Okawaru
Qazlal
Ru
Sif Muna
Trog
Uskayaw
Vehumet
Wu Jian
Xom
Yredelemnul
Zin
The Shining One

Shops:
D:1 *   D:7 =   D:9 [   D:13 [   Orc:2 =(?*

Portals:
Abyss: D:11
Trove: D:15 (give 6 scrolls of fog)
Bailey: D:7

Annotations:
D:1 1 runed translucent door
D:11 2 transporters, Piexesis's ghost, journeyman BaMo
Orc:1 6 transporters


Message History

The entropic weave corrodes you! The emperor scorpion stings you.
The emperor scorpion barely misses you. The emperor scorpion claws you.
The broodmother sets off the alarm!
The alarm trap emits a blaring wail!
The mark upon you grows brighter.
The pharaoh ant moves out of view.
The ghost moth moves out of view.
You hear a faint skittering sound.
You hear a shout!
Enter note:
18093 ||| READING 2 scrolls of teleportation.
As you read the scroll of teleportation, it crumbles to dust.
You feel strangely unstable.
The redback simulacrum pulls away from the web.
The torpor snail completely misses you.
The jumping spider leaps!
The moth of wrath goads the culicivora on!
The culicivora goes berserk!
The emperor scorpion stings you but does no damage.
The emperor scorpion claws you.
The emperor scorpion closely misses you.
The entropy weaver casts a spell at you.
The jorogumo casts a spell at you. The stream of webbing misses you.
The stream of webbing hits the moth of wrath but does no damage.
The culicivora rages.
The torpor snail bites you. The spark wasp barely misses you.
The moth of wrath goads the emperor scorpion on!
The emperor scorpion goes berserk!
The ghost moth stares at you.
You feel your power leaking away.
The jumping spider leaps!
Enter note:
Enter note:
Enter note:
Enter note:
Enter note:
Enter note:
Enter note:
Enter note: You struggle to detach yourself from the web.
The emperor scorpion stings you!!!
You die...

s...w.. ..s.... ....0..
.s^s.s.s.#.....########
..#.#s..
..ZZ..sss......0.......
......#.
.../...##.............
..#...w .#...w...
s.#..s....... .......
...#..0sy.s.#.#........
..#...
..Z....y#B....%........
#....
......?.Bs.s...#...^..?
... #.^w@ss.....
....... .. ##.#.ys...#.
...>... [. # #HB......
.#..... .. B..#.....
......# .. .....#...
....... .. ...#.....$
#. .... .. .##.#. . .
.. .. # .#.. #.


You could see a broodmother, an emperor scorpion (berserk), a jorogumo, a
boulder beetle, a ghost moth (invisible), an entropy weaver, a spark wasp, 2
torpor snails, 2 demonic crawlers, 3 wolf spiders, a moth of wrath, 3
culicivoras, 2 pharaoh ants, 3 jumping spiders, 2 redbacks, a wolf spider
simulacrum, a redback simulacrum and a steelbarb worm simulacrum.

Vanquished Creatures
  Jorgrun (Orc:2)
  Agnes (Spider:1)
  Nessos (D:12)
  Azrael (D:12)
  4 dire elephants (Lair:5)
  Fannar (D:12)
  A rakshasa (D:15)
  A great orb of eyes (D:15)
  7 hydras
  Harold (D:10)
  An ogre mage (D:15)
  A catoblepas (Lair:5)
  A jorogumo (Spider:1)
  7 centaur warriors
  2 dancing weapons (D:13)
  3 two-headed ogres
  5 boulder beetles
  5 death yaks
  A tengu warrior (D:14)
  2 demonic crawlers (Spider:1)
  6 orc high priests (Orc:2)
  Amaemon (D:9)
  2 skysharks
  A fire crab (Lair:3)
  2 spectral death yaks (Lair:5)
  A pharaoh ant (Spider:1)
  A spectral anaconda (Lair:5)
  A wizard (D:14)
  An obsidian statue (Lair:5)
  A steelbarb worm (Spider:1)
  4 necromancers (Lair:5)
  Pikel (D:9)
  4 deep elf pyromancers
  11 orc knights
  2 harpies (Lair:2)
  11 ugly things
  2 wolf spiders (Spider:1)
  9 cyclopes
  3 manticores
  A salamander (D:15)
  17 elephants
  A dire elephant zombie (Lair:5)
  A torpor snail (Lair:3)
  9 black mambas
  2 gargoyles (D:10)
  An orange demon (D:9)
  A black mamba (shapeshifter) (D:14)
  An unseen horror (D:12)
  14 cane toads
  5 rime drakes
  12 komodo dragons
  3 kobold demonologists
  Maggie (D:8)
  A komodo dragon (shapeshifter) (D:15)
  2 freezing wraiths (D:15)
  A tengu conjurer (D:13)
  2 efreet (D:15)
  3 meliai (D:13)
  7 trolls
  A polar bear (Lair:3)
  A queen bee (shapeshifter) (D:13)
  A wolf spider simulacrum (D:14)
  A queen bee (D:13)
  2 hornets
  A tarantella (shapeshifter) (D:13)
  2 spectral elephants (Lair:5)
  6 dream sheep (Lair:3)
  3 culicivoras
  2 slime creatures (Lair:5)
  3 jumping spiders
  5 wyverns
  38 yaks
  A vampire (D:10)
  A fire elemental (D:12)
  A human (shapeshifter) (D:14)
  A wraith (D:12)
  5 basilisks
  A death yak simulacrum (D:13)
  12 redbacks
  13 vampire mosquitoes
  A steam dragon (Lair:3)
  6 wargs
  An acid dragon (shapeshifter) (D:13)
  8 water moccasins
  2 acid dragons
  36 orc warriors
  5 hell hounds (D:12)
  2 black bears
  2 ice beasts
  A sky beast (D:7)
  6 ogres
  An elephant zombie (Lair:5)
  3 wolves
  15 centaurs
  3 lemures (D:9)
  A phantom (D:7)
  3 kobold brigands
  4 gnoll sergeants
  17 bullfrogs
  A two-headed ogre simulacrum (D:13)
  5 necrophages (Lair:2)
  6 scorpions
  3 cane toad simulacra
  4 wights (D:8)
  An elephant simulacrum (Lair:5)
  27 killer bees
  A howler monkey (D:14)
  3 electric eels (Lair:3)
  26 orc priests
  A hound (D:4)
  An iron imp (D:9)
  6 jellies
  13 orc wizards
  An iguana (D:5)
  A hell rat (Lair:3)
  A wolf simulacrum (D:13)
  19 gnolls
  8 adders
  3 naga simulacra (D:13)
  3 shadow imps
  A white imp (D:6)
  2 ufetubi
  6 worms
  6 dart slugs
  69 orcs
  4 ball pythons
  10 bats
  14 endoplasms
  7 goblins
  10 hobgoblins
  5 jackals
  7 quokkas
  3 frilled lizards (D:2)
  17 kobolds
  5 rats
  A butterfly (D:6)
715 creatures vanquished.

Vanquished Creatures (others)
  A naga simulacrum (D:13)
1 creature vanquished.

Grand Total: 716 creatures vanquished

Notes
Turn   | Place    | Note
-------+----------+-------------------------------------------
     0 | D:1      | qw the Minotaur Hunter began the quest for the Orb.
     0 | D:1      | Reached XP level 1. HP: 18/18 MP: 0/0
     0 | D:1      | 0 ||| qw: Version: 0.2-a-122-gbc61b45
     0 | D:1      | 0 ||| qw: Game counter: 3505
     0 | D:1      | 0 ||| qw: Always use a shield: true
     0 | D:1      | 0 ||| qw: God list: Okawaru
     0 | D:1      | 0 ||| qw: Allow faded altars: false
     0 | D:1      | 0 ||| qw: Do Orc after D:15 true
     0 | D:1      | 0 ||| qw: Do second Lair branch before Depths: true
     0 | D:1      | 0 ||| qw: Lair rune preference: random
     0 | D:1      | 0 ||| qw: Plans: Normal
     0 | D:1      | 0 ||| PLANNING D:1-11
     1 | D:1      | Found a runed translucent door.
   184 | D:1      | Reached XP level 2. HP: 25/25 MP: 1/1
   264 | D:1      | Reached skill level 5 in Ranged Weapons
   295 | D:1      | Found Sucwef's Assorted Antiques.
   301 | D:1      | 301 ||| SHOPLISTING black potion (17 gold, have 9).
   301 | D:1      | 301 ||| SHOPLISTING coppery potion (17 gold, have 9).
   301 | D:1      | 301 ||| SHOPLISTING puce potion (17 gold, have 9).
   301 | D:1      | 301 ||| SHOPLISTING scroll labelled DIDAZA TOIKISO (19
                  | gold, have 9).
   301 | D:1      | 301 ||| SHOPLISTING scroll labelled PEUCWA JE MAQI (19
                  | gold, have 9).
   301 | D:1      | 301 ||| SHOPLISTING scroll labelled VEGOCE RUMNODU (19
                  | gold, have 9).
   301 | D:1      | 301 ||| SHOPLISTING yellow potion (17 gold, have 9).
   381 | D:1      | Reached skill level 3 in Fighting
   507 | D:1      | Reached XP level 3. HP: 31/31 MP: 2/2
   868 | D:1      | 868 ||| UPGRADING to +0 ring mail.
   878 | D:1      | 878 ||| DROPPING +0 leather armour.
   879 | D:1      | 879 ||| DROPPING scarf of shadows.
   880 | D:1      | 880 ||| READING 3 scrolls labelled BURCHO WEBOMPORUCU.
   881 | D:1      | 881 ||| READING scroll labelled PEUCWA JE MAQI.
   882 | D:1      | 882 ||| READING scroll labelled DIDAZA TOIKISO.
   883 | D:1      | 883 ||| READING scroll labelled VEGOCE RUMNODU.
   925 | D:1      | 925 ||| READING scroll labelled OHOGET PAF.
   926 | D:1      | 926 ||| DRINKING 3 fizzy emerald potions.
   927 | D:1      | 927 ||| READING 2 scrolls of identify.
   927 | D:1      | 927 ||| IDENTIFYING pink potion
   928 | D:1      | 928 ||| DROPPING scroll of butterflies.
   965 | D:2      | Reached skill level 1 in Armour
  1067 | D:2      | You fall into a shaft and drop 1 floor!
  1076 | D:3      | 1076 ||| UPGRADING to +0 cloak.
  1597 | D:2      | Reached XP level 4. HP: 38/38 MP: 3/3
  1600 | D:2      | Reached skill level 6 in Ranged Weapons
  1705 | D:2      | 1705 ||| READING scroll labelled ZOHEVO YLONUW.
  1706 | D:2      | 1706 ||| READING scroll labelled MUSIUG WYUJ.
  1707 | D:2      | 1707 ||| READING scroll labelled SUSUETZ VUKLO.
  1708 | D:2      | 1708 ||| READING scroll labelled LEOH KUHERIPRI.
  1709 | D:2      | 1709 ||| READING 4 scrolls of identify.
  1709 | D:2      | 1709 ||| IDENTIFYING glowing emerald potion
  1710 | D:2      | 1710 ||| READING 3 scrolls of identify.
  1710 | D:2      | 1710 ||| IDENTIFYING green potion
  1711 | D:2      | 1711 ||| READING 2 scrolls of identify.
  1711 | D:2      | 1711 ||| IDENTIFYING dark potion
  1712 | D:2      | 1712 ||| DROPPING potion of ambrosia.
  1713 | D:2      | 1713 ||| DROPPING potion of lignification.
  1715 | D:2      | 1715 ||| Stepping ~*~*~tactically~*~*~ (cloud).
  2195 | D:3      | 2195 ||| READING scroll of enchant weapon.
  2195 | D:3      | 2195 ||| ENCHANTING +1 shortbow.
  2436 | D:3      | 2436 ||| UPGRADING to +5 ring of evasion.
  2437 | D:3      | 2437 ||| READING scroll labelled WOON JYESKAAPN.
  2538 | D:3      | 2538 ||| READING 2 scrolls of identify.
  2538 | D:3      | 2538 ||| IDENTIFYING coppery potion
  2539 | D:3      | 2539 ||| DROPPING potion of attraction.
  2577 | D:4      | Reached XP level 5. HP: 46/46 MP: 4/4
  2626 | D:4      | Found a shadowy altar of Dithmenos.
  2699 | D:4      | Reached skill level 7 in Ranged Weapons
  2731 | D:4      | Identified the +2 robe "Noolihor" {Rampage Drain rF+
                  | Regen+}
  2973 | D:4      | Reached XP level 6. HP: 52/52 MP: 5/5
  3061 | D:4      | 3061 ||| READING scroll of enchant weapon.
  3061 | D:4      | 3061 ||| ENCHANTING +2 shortbow.
  3337 | D:4      | 3337 ||| UPGRADING to +2 pair of gloves.
  3342 | D:4      | 3342 ||| UPGRADING to +2 robe "Noolihor" {Rampage Drain rF+
                  | Regen+}.
  3352 | D:4      | 3352 ||| DROPPING +0 ring mail.
  3353 | D:4      | 3353 ||| READING scroll labelled RUDUQU FABISKA.
  3354 | D:4      | 3354 ||| READING scroll labelled YWOESO SIEHAM.
  3355 | D:4      | 3355 ||| DRINKING 2 sedimented silvery potions.
  3356 | D:4      | 3356 ||| READING 2 scrolls of identify.
  3356 | D:4      | 3356 ||| IDENTIFYING silvery potion
  3357 | D:4      | 3357 ||| DROPPING potion of berserk rage.
  3361 | D:5      | Entered Level 5 of the Dungeon
  3391 | D:5      | Reached skill level 8 in Ranged Weapons
  3486 | D:5      | 3486 ||| Stepping ~*~*~tactically~*~*~ (outnumbered).
  3591 | D:5      | Reached skill level 3 in Dodging
  3726 | D:5      | Noticed an ice beast
  3744 | D:5      | Killed an ice beast
  3745 | D:5      | Reached XP level 7. HP: 61/61 MP: 6/6
  3812 | D:5      | Found a sparkling altar of Nemelex Xobeh.
  3865 | D:5      | 3865 ||| READING scroll labelled RAIMOC ER GURU.
  3865 | D:5      | Identified a scroll of acquirement
  3865 | D:5      | 3865 ||| ACQUIRING scarf of Beogh's Inspiration {repulsion,
                  | rPois Regen+ Str+2}
  3865 | D:5      | Acquired the scarf of Beogh's Inspiration {repulsion, rPois
                  | Regen+ Str+2}
  3867 | D:5      | 3867 ||| UPGRADING to scarf of Beogh's Inspiration
                  | {repulsion, rPois Regen+ Str+2}.
  3877 | D:5      | 3877 ||| DROPPING +0 cloak.
  4003 | D:6      | Reached skill level 9 in Ranged Weapons
  4210 | D:6      | Found a staircase to the Ecumenical Temple.
  4211 | D:6      | 4211 ||| PLANNING TEMPLE
  4214 | D:6      | 4214 ||| FLEEEEING.
  4255 | D:6      | 4255 ||| UPGRADING to +2 pair of boots.
  4260 | D:6      | 4260 ||| UPGRADING to +6 ring of dexterity.
  4261 | D:6      | 4261 ||| DRINKING 2 yellow potions.
  4262 | D:6      | 4262 ||| READING 2 scrolls of identify.
  4262 | D:6      | 4262 ||| IDENTIFYING golden potion
  4263 | D:6      | 4263 ||| DROPPING potion of magic.
  4264 | D:6      | 4264 ||| DROPPING potion of degeneration.
  4280 | Temple   | Entered the Ecumenical Temple
  4343 | Temple   | 4343 ||| PLANNING OKAWARU WORSHIP
  4468 | Temple   | Became a worshipper of Warmaster Okawaru
  4468 | Temple   | 4468 ||| PLANNING D:1-11
  4695 | D:6      | 4695 ||| READING scroll labelled YFODUGOATE.
  4848 | D:7      | Reached XP level 8. HP: 70/70 MP: 7/7
  4851 | D:7      | Reached skill level 6 in Fighting
  4858 | D:7      | Found a shimmering altar of Xom.
  4935 | D:7      | Found Xoefaif's Jewellery Shoppe.
  4938 | D:7      | 4938 ||| SHOPLISTING amulet of reflection (330 gold, have
                  | 323).
  4938 | D:7      | 4938 ||| SHOPLISTING amulet of regeneration (330 gold, have
                  | 323).
  4938 | D:7      | 4938 ||| SHOPLISTING ring of Firotuys {Contam +Blink rF+++
                  | Will++ Int+6} (1027 gold, have 323).
  4949 | D:7      | Found a radiant altar of Vehumet.
  4994 | D:7      | Found a flagged portal.
  4995 | D:7      | 4995 ||| SWAPPING to +0 orcbow.
  4996 | D:7      | 4996 ||| DROPPING +3 shortbow.
  5070 | D:7      | Reached skill level 10 in Ranged Weapons
  5242 | D:8      | Reached * piety under Okawaru
  5253 | D:8      | 5253 ||| INVOKING Heroism.
  5458 | D:8      | 5458 ||| INVOKING Heroism.
  5471 | D:8      | 5471 ||| INVOKING Heroism.
  5485 | D:8      | 5485 ||| INVOKING Heroism.
  5490 | D:8      | Reached skill level 11 in Ranged Weapons
  5726 | D:8      | Reached XP level 9. HP: 77/79 MP: 8/8
  5747 | D:8      | Reached skill level 1 in Invocations
  5762 | D:8      | Noticed Maggie
  5778 | D:8      | Killed Maggie
  5779 | D:8      | Reached skill level 6 in Dodging
  5880 | D:8      | Reached skill level 3 in Invocations
  6233 | D:8      | 6233 ||| READING 3 scrolls of identify.
  6233 | D:8      | 6233 ||| IDENTIFYING black potion
  6234 | D:8      | 6234 ||| READING 2 scrolls of identify.
  6234 | D:8      | 6234 ||| IDENTIFYING bubbling green potion
  6235 | D:8      | 6235 ||| DROPPING potion of enlightenment.
  6236 | D:8      | 6236 ||| DROPPING potion of brilliance.
  6318 | D:9      | Noticed a troll
  6321 | D:9      | Noticed a two-headed ogre
  6322 | D:9      | 6322 ||| INVOKING Heroism.
  6333 | D:9      | Killed a two-headed ogre
  6333 | D:9      | Reached ** piety under Okawaru
  6352 | D:9      | Reached skill level 12 in Ranged Weapons
  6356 | D:9      | 6356 ||| INVOKING Heroism.
  6358 | D:9      | Noticed Pikel
  6359 | D:9      | Killed a troll
  6366 | D:9      | Killed Pikel
  6367 | D:9      | Reached XP level 10. HP: 90/90 MP: 9/12
  6384 | D:9      | Found a sacrificial altar of Ru.
  6425 | D:9      | Noticed Amaemon
  6426 | D:9      | 6426 ||| INVOKING Heroism.
  6428 | D:9      | Noticed an orange demon
  6429 | D:9      | 6429 ||| Stepping ~*~*~tactically~*~*~ (outnumbered).
  6444 | D:9      | 6444 ||| INVOKING Heroism.
  6446 | D:9      | Killed Amaemon
  6454 | D:9      | Killed an orange demon
  6454 | D:9      | Reached *** piety under Okawaru
  6533 | D:9      | Found Omarph's Antique Armour Shop.
  6538 | D:9      | 6538 ||| SHOPLISTING +5 robe of Night {Dark Will+ SInv}
                  | (1380 gold, have 449).
  6594 | D:9      | Found a staircase to the Lair.
  6711 | D:9      | 6711 ||| INVOKING Heroism.
  6722 | D:9      | Reached skill level 13 in Ranged Weapons
  6728 | D:9      | Reached skill level 9 in Fighting
  6743 | D:9      | 6743 ||| INVOKING Heroism.
  6804 | D:9      | Found a staircase to the Orcish Mines.
  6908 | D:9      | Found a snail-covered altar of Cheibriados.
  6911 | D:9      | Reached **** piety under Okawaru
  6913 | D:9      | 6913 ||| PLANNING LAIR
  6913 | D:9      | 6913 ||| READING 2 scrolls of identify.
  6913 | D:9      | 6913 ||| IDENTIFYING orange potion
  6914 | D:9      | 6914 ||| DROPPING potion of invisibility.
  6946 | Lair:1   | Entered Level 1 of the Lair of Beasts
  7007 | Lair:1   | Noticed a cane toad
  7008 | Lair:1   | 7008 ||| INVOKING Heroism.
  7015 | Lair:1   | Killed a cane toad
  7080 | Lair:1   | Reached ***** piety under Okawaru
  7154 | Lair:1   | Reached skill level 6 in Invocations
  7154 | Lair:1   | Reached XP level 11. HP: 97/97 MP: 14/14
  7260 | Lair:1   | 7260 ||| INVOKING Heroism.
  7263 | Lair:1   | Reached skill level 14 in Ranged Weapons
  7268 | Lair:1   | HP: 20/97 [yak (8)]
  7269 | Lair:1   | 7269 ||| READING 4 scrolls of teleportation.
  7270 | Lair:1   | 7270 ||| DRINKING 4 potions of heal wounds.
  7384 | Lair:1   | 7384 ||| READING scroll of enchant weapon.
  7384 | Lair:1   | 7384 ||| ENCHANTING +0 orcbow.
  7497 | Lair:1   | 7497 ||| INVOKING Heroism.
  7596 | Lair:1   | 7596 ||| INVOKING Heroism.
  7697 | Lair:1   | 7697 ||| INVOKING Heroism.
  7851 | Lair:1   | Received a gift from Okawaru
  7853 | Lair:1   | 7853 ||| SWAPPING to +6 arbalest of flaming.
  7854 | Lair:1   | 7854 ||| DROPPING +1 orcbow.
  7968 | Lair:1   | 7968 ||| DROPPING ring of positive energy.
  8013 | Lair:2   | Found a staircase to the Shoals.
  8013 | Lair:2   | Noticed a harpy
  8013 | Lair:2   | Noticed a harpy
  8015 | Lair:2   | Killed a harpy
  8016 | Lair:2   | Killed a harpy
  8064 | Lair:2   | Identified the +7 rapier of Freezing Execution {antimagic,
                  | Dex+2}
  8075 | Lair:2   | 8075 ||| READING 2 scrolls of acquirement.
  8075 | Lair:2   | 8075 ||| ACQUIRING +1 cloak "Pofotha" {Dex+3}
  8075 | Lair:2   | Acquired the +1 cloak "Pofotha" {Dex+3}
  8077 | Lair:2   | 8077 ||| READING scroll of acquirement.
  8077 | Lair:2   | 8077 ||| ACQUIRING +2 longbow of draining
  8077 | Lair:2   | Acquired a +2 longbow of draining
  8079 | Lair:2   | 8079 ||| SWAPPING to +2 longbow of draining.
  8114 | Lair:2   | Found a hole to the Spider Nest.
  8164 | Lair:2   | 8164 ||| INVOKING Heroism.
  8365 | Lair:2   | 8365 ||| INVOKING Heroism.
  8469 | Lair:2   | Reached skill level 9 in Invocations
  8536 | Lair:2   | Noticed a death yak
  8537 | Lair:2   | 8537 ||| INVOKING Heroism.
  8537 | Lair:2   | Noticed a death yak
  8538 | Lair:2   | 8538 ||| INVOKING Finesse.
  8539 | Lair:2   | Noticed a death yak
  8540 | Lair:2   | Reached skill level 15 in Ranged Weapons
  8543 | Lair:2   | Identified the +2 quarterstaff "Koomuzek" {protect, Dex+2
                  | Stlth+} (Okawaru gifted it to you on level 2 of the Lair of
                  | Beasts)
  8543 | Lair:2   | Received a gift from Okawaru
  8549 | Lair:2   | Killed a death yak
  8549 | Lair:2   | Noticed a death yak
  8550 | Lair:2   | Reached XP level 12. HP: 106/106 MP: 9/18
  8568 | Lair:2   | Killed a death yak
  8572 | Lair:2   | Killed a death yak
  8576 | Lair:2   | Killed a death yak
  8577 | Lair:2   | Reached skill level 9 in Dodging
  8826 | Lair:2   | 8826 ||| DROPPING amulet of guardian spirit.
  8827 | Lair:2   | 8827 ||| READING scroll labelled FUAROD GUEGH.
  8874 | Lair:3   | Noticed a boulder beetle
  8875 | Lair:3   | 8875 ||| INVOKING Heroism.
  8876 | Lair:3   | 8876 ||| INVOKING Finesse.
  8886 | Lair:3   | Killed a boulder beetle
  8961 | Lair:3   | Noticed an eight-headed hydra
  8962 | Lair:3   | 8962 ||| INVOKING Heroism.
  8963 | Lair:3   | 8963 ||| INVOKING Finesse.
  8964 | Lair:3   | Noticed a five-headed hydra
  8971 | Lair:3   | 8971 ||| SWAPPING to +6 arbalest of flaming.
  8973 | Lair:3   | Killed an eight-headed hydra
  8974 | Lair:3   | 8974 ||| SWAPPING to +2 longbow of draining.
  8976 | Lair:3   | 8976 ||| SWAPPING to +6 arbalest of flaming.
  8978 | Lair:3   | Killed a five-headed hydra
  8979 | Lair:3   | Reached skill level 16 in Ranged Weapons
  8979 | Lair:3   | 8979 ||| SWAPPING to +2 longbow of draining.
  8990 | Lair:3   | Noticed a five-headed hydra
  8997 | Lair:3   | Killed a five-headed hydra
  9020 | Lair:3   | Reached skill level 3 in Armour
  9066 | Lair:3   | 9066 ||| INVOKING Heroism.
  9067 | Lair:3   | 9067 ||| Stepping ~*~*~tactically~*~*~ (outnumbered).
  9076 | Lair:3   | Received a gift from Okawaru
  9076 | Lair:3   | Found the +6 arbalest "Damnation" {damnation}
  9115 | Lair:3   | Identified the staff of conjuration "Waept" {+Blink rC++
                  | Dex-5}
  9306 | Lair:3   | Reached skill level 17 in Ranged Weapons
  9313 | Lair:3   | 9313 ||| INVOKING Heroism.
  9333 | Lair:3   | Reached XP level 13. HP: 40/116 MP: 19/19
  9399 | Lair:3   | 9399 ||| INVOKING Heroism.
  9627 | Lair:3   | 9627 ||| INVOKING Heroism.
  9628 | Lair:3   | 9628 ||| INVOKING Finesse.
 10051 | Lair:3   | 10051 ||| DROPPING +1 cloak.
 10052 | Lair:3   | 10052 ||| UPGRADING to amulet of regeneration.
 10057 | Lair:3   | 10057 ||| DRINKING 2 fizzy pink potions.
 10057 | Lair:3   | Gained mutation: You are frail. (-10% HP) [potion of
                  | mutation]
 10058 | Lair:3   | 10058 ||| DRINKING potion of mutation.
 10058 | Lair:3   | Lost mutation: You are frail. (-10% HP) [potion of
                  | mutation]
 10058 | Lair:3   | Gained mutation: You occasionally shout uncontrollably at
                  | your foes. [potion of mutation]
 10058 | Lair:3   | Gained mutation: Armour fits poorly on your strangely
                  | shaped body. [potion of mutation]
 10058 | Lair:3   | Gained mutation: Your spells are a little harder to cast,
                  | but a little more powerful. [potion of mutation]
 10074 | Lair:4   | 10074 ||| INVOKING Heroism.
 10195 | Lair:4   | 10195 ||| INVOKING Heroism.
 10296 | Lair:4   | Identified the +0 leather armour of Xiocka Gomo {Dex+4}
 10323 | Lair:4   | 10323 ||| INVOKING Heroism.
 10377 | Lair:4   | 10377 ||| INVOKING Heroism.
 10466 | Lair:4   | 10466 ||| INVOKING Heroism.
 10479 | Lair:4   | Reached skill level 18 in Ranged Weapons
 10627 | Lair:4   | Identified the +2 leather armour "Vutuam" {*Slow Regen+
                  | Str+5 Dex+3}
 10794 | Lair:4   | 10794 ||| DROPPING +0 swamp dragon scales.
 10795 | Lair:4   | 10795 ||| DROPPING +0 leather armour of Xiocka Gomo
                  | {Dex+4}.
 10796 | Lair:4   | 10796 ||| UPGRADING to +2 leather armour "Vutuam" {*Slow
                  | Regen+ Str+5 Dex+3}.
 10806 | Lair:4   | 10806 ||| READING scroll labelled JUTE YVUITREFA.
 10807 | Lair:4   | 10807 ||| READING scroll labelled HADOTAECHEA.
 10848 | Lair:5   | Entered Level 5 of the Lair of Beasts
 10849 | Lair:5   | 10849 ||| INVOKING Heroism.
 10850 | Lair:5   | 10850 ||| INVOKING Finesse.
 10988 | Lair:5   | Received a gift from Okawaru
 11065 | Lair:5   | Reached skill level 12 in Fighting
 11079 | Lair:5   | 11079 ||| INVOKING Heroism.
 11102 | Lair:5   | Found a staircase to the Slime Pits.
 11122 | Lair:5   | 11122 ||| INVOKING Finesse.
 11123 | Lair:5   | 11123 ||| Stepping ~*~*~tactically~*~*~ (cloud).
 11127 | Lair:5   | 11127 ||| INVOKING Heroism.
 11128 | Lair:5   | 11128 ||| Stepping ~*~*~tactically~*~*~ (cloud).
 11375 | Lair:5   | Received a gift from Okawaru
 11379 | Lair:5   | 11379 ||| SWAPPING to +1 heavy triple crossbow.
 11380 | Lair:5   | 11380 ||| DROPPING +2 longbow of draining.
 11381 | Lair:5   | 11381 ||| DROPPING ring of wizardry.
 11390 | Lair:5   | Noticed a dire elephant
 11390 | Lair:5   | Noticed a dire elephant
 11390 | Lair:5   | Noticed a dire elephant
 11391 | Lair:5   | 11391 ||| INVOKING Heroism.
 11393 | Lair:5   | Killed a dire elephant
 11397 | Lair:5   | Killed a dire elephant
 11397 | Lair:5   | HP: 29/118 [dire elephant (8)]
 11398 | Lair:5   | 11398 ||| READING 4 scrolls of teleportation.
 11399 | Lair:5   | 11399 ||| DRINKING 4 potions of heal wounds.
 11400 | Lair:5   | Killed a dire elephant
 11401 | Lair:5   | 11401 ||| Stepping ~*~*~tactically~*~*~ (water).
 11577 | Lair:5   | Noticed a dire elephant
 11577 | Lair:5   | 11577 ||| INVOKING Heroism.
 11582 | Lair:5   | Killed a dire elephant
 11615 | Lair:5   | Reached skill level 19 in Ranged Weapons
 11621 | Lair:5   | 11621 ||| INVOKING Heroism.
 11622 | Lair:5   | 11622 ||| INVOKING Finesse.
 11699 | Lair:5   | Reached XP level 14. HP: 127/127 MP: 20/20
 11783 | Lair:5   | 11783 ||| INVOKING Heroism.
 11784 | Lair:5   | 11784 ||| INVOKING Finesse.
 11956 | Lair:5   | 11956 ||| PLANNING D:1-11
 12175 | D:10     | Entered Level 10 of the Dungeon
 12204 | D:10     | 12204 ||| DRINKING 5 potions of curing.
 12204 | D:10     | 12204 ||| (to cure confusion)
 12297 | D:10     | Identified the +1 chain mail of Slovenliness {Drain +Blink
                  | Fly rC+} (Okawaru gifted it to you on level 10 of the
                  | Dungeon)
 12297 | D:10     | Received a gift from Okawaru
 12298 | D:10     | Reached skill level 12 in Dodging
 12300 | D:10     | Noticed Harold
 12301 | D:10     | Paralysed by Harold for 4 turns
 12304 | D:10     | Killed Harold
 12777 | D:10     | 12777 ||| READING 2 scrolls of identify.
 12777 | D:10     | 12777 ||| IDENTIFYING ruby potion
 12779 | D:10     | 12779 ||| DRINKING 4 potions of curing.
 12779 | D:10     | 12779 ||| (to cure confusion)
 12969 | D:10     | 12969 ||| DRINKING 3 potions of curing.
 12969 | D:10     | 12969 ||| (to cure confusion)
 12970 | D:10     | Identified the +5 lajatang of Vunopp {heavy, *Rage Dex+4
                  | Stlth+}
 12983 | D:10     | 12983 ||| DRINKING 2 potions of curing.
 12983 | D:10     | 12983 ||| (to cure confusion)
 12986 | D:10     | 12986 ||| DRINKING potion of curing.
 12986 | D:10     | 12986 ||| (to cure confusion)
 12989 | D:10     | Lost intelligence.
 13015 | D:10     | HP: 24/129 [two-headed ogre/+0 giant club[an orange crystal
                  | statue] (19)]
 13016 | D:10     | 13016 ||| DRINKING 3 potions of heal wounds.
 13044 | D:10     | 13044 ||| INVOKING Heroism.
 13405 | D:11     | Found a one-way gate to the infinite horrors of the Abyss.
 13405 | D:11     | Noticed Piexesis's ghost (journeyman BaMo)
 13614 | D:11     | Found a transporter.
 13724 | D:11     | Found a transporter.
 13844 | D:11     | 13844 ||| PLANNING D
 13844 | D:11     | 13844 ||| DROPPING ring of magical power.
 13987 | D:12     | Noticed Fannar
 13992 | D:12     | Killed Fannar
 14076 | D:12     | Noticed Nessos
 14077 | D:12     | 14077 ||| INVOKING Finesse.
 14078 | D:12     | 14078 ||| INVOKING Heroism.
 14081 | D:12     | Noticed Azrael
 14095 | D:12     | Reached skill level 20 in Ranged Weapons
 14096 | D:12     | Killed Azrael
 14099 | D:12     | Killed Nessos
 14115 | D:12     | 14115 ||| DROPPING +6 arbalest of flaming.
 14404 | D:13     | 14404 ||| STAIRDANCE
 14479 | D:13     | 14479 ||| INVOKING Heroism.
 14480 | D:13     | 14480 ||| INVOKING Finesse.
 14482 | D:13     | 14482 ||| Stepping ~*~*~tactically~*~*~ (outnumbered).
 14483 | D:13     | 14483 ||| SWAPPING to +3 longbow of flaming.
 14489 | D:13     | 14489 ||| SWAPPING to +1 heavy triple crossbow.
 14534 | D:13     | 14534 ||| FLEEEEING.
 14535 | D:13     | 14535 ||| FLEEEEING.
 14536 | D:13     | 14536 ||| FLEEEEING.
 14537 | D:13     | 14537 ||| FLEEEEING.
 14613 | D:13     | Found a frozen archway.
 14783 | D:13     | 14783 ||| INVOKING Heroism.
 14806 | D:13     | 14806 ||| Stepping ~*~*~tactically~*~*~ (outnumbered).
 14809 | D:13     | 14809 ||| INVOKING Heroism.
 14839 | D:13     | 14839 ||| INVOKING Heroism.
 14864 | D:13     | Found Soigiry's Antique Armour Shoppe.
 14871 | D:13     | 14871 ||| BUYING embroidered scarf (192 gold).
 14871 | D:13     | Bought an embroidered scarf for 192 gold pieces
 14871 | D:13     | 14871 ||| BUYING glowing ring mail (168 gold).
 14871 | D:13     | Bought a glowing ring mail for 168 gold pieces
 14871 | D:13     | 14871 ||| BUYING runed cloak (180 gold).
 14871 | D:13     | Bought a runed cloak for 180 gold pieces
 14907 | D:13     | Found a gate to the Vaults.
 15146 | D:13     | 15146 ||| DROPPING scarf of harm.
 15147 | D:13     | 15147 ||| DROPPING +3 ring mail of fire resistance.
 15148 | D:13     | 15148 ||| DROPPING +2 cloak of poison resistance.
 15293 | D:14     | Reached XP level 15. HP: 115/138 MP: 21/21
 15294 | D:14     | 15294 ||| INVOKING Heroism.
 15312 | D:14     | 15312 ||| READING 2 scrolls of enchant weapon.
 15312 | D:14     | 15312 ||| ENCHANTING +1 heavy triple crossbow.
 15313 | D:14     | 15313 ||| READING scroll of enchant weapon.
 15313 | D:14     | 15313 ||| ENCHANTING +2 heavy triple crossbow.
 15348 | D:14     | 15348 ||| FLEEEEING.
 15355 | D:14     | 15355 ||| FLEEEEING.
 15356 | D:14     | 15356 ||| FLEEEEING.
 15357 | D:14     | 15357 ||| FLEEEEING.
 15362 | D:14     | 15362 ||| FLEEEEING.
 15363 | D:14     | 15363 ||| FLEEEEING.
 15364 | D:14     | 15364 ||| FLEEEEING.
 15365 | D:14     | 15365 ||| STAIRDANCE
 15470 | D:14     | 15470 ||| INVOKING Heroism.
 15471 | D:14     | 15471 ||| SWAPPING to +3 longbow of flaming.
 15475 | D:14     | 15475 ||| SWAPPING to +3 heavy triple crossbow.
 15502 | D:14     | Found a glowing silver altar of Zin.
 15516 | D:14     | 15516 ||| INVOKING Heroism.
 15733 | D:14     | Reached skill level 21 in Ranged Weapons
 15780 | D:15     | Entered Level 15 of the Dungeon
 15845 | D:15     | Found a portal to a secret trove of treasure.
 15983 | D:15     | 15983 ||| INVOKING Heroism.
 16225 | D:15     | Found a staircase to the Depths.
 16631 | D:15     | 16631 ||| PLANNING ORC
 16747 | Orc:1    | Entered Level 1 of the Orcish Mines
 16903 | Orc:1    | Found a transporter.
 16905 | Orc:1    | Found a transporter.
 16906 | Orc:1    | Found a transporter.
 16906 | Orc:1    | Found a sparkling altar of Nemelex Xobeh.
 16909 | Orc:1    | Found a transporter.
 16909 | Orc:1    | Noticed a juggernaut
 16914 | Orc:1    | Found a transporter.
 16915 | Orc:1    | Found a transporter.
 16925 | Orc:1    | Reached skill level 15 in Fighting
 17063 | Orc:2    | Entered Level 2 of the Orcish Mines
 17074 | Orc:2    | 17074 ||| INVOKING Heroism.
 17210 | Orc:2    | 17210 ||| INVOKING Heroism.
 17214 | Orc:2    | Identified the +5 chain mail "Untouc" {Slay+4 Stlth+}
                  | (Okawaru gifted it to you on level 2 of the Orcish Mines)
 17214 | Orc:2    | Received a gift from Okawaru
 17236 | Orc:2    | Found a staircase to the Elven Halls.
 17260 | Orc:2    | Noticed Jorgrun
 17261 | Orc:2    | 17261 ||| INVOKING Heroism.
 17262 | Orc:2    | 17262 ||| INVOKING Finesse.
 17263 | Orc:2    | 17263 ||| INVOKING Finesse.
 17265 | Orc:2    | Killed Jorgrun
 17377 | Orc:2    | 17377 ||| INVOKING Heroism.
 17386 | Orc:2    | 17386 ||| Stepping ~*~*~tactically~*~*~ (outnumbered).
 17404 | Orc:2    | 17404 ||| Stepping ~*~*~tactically~*~*~ (outnumbered).
 17435 | Orc:2    | 17435 ||| INVOKING Heroism.
 17475 | Orc:2    | 17475 ||| Stepping ~*~*~tactically~*~*~ (outnumbered).
 17478 | Orc:2    | 17478 ||| Stepping ~*~*~tactically~*~*~ (outnumbered).
 17484 | Orc:2    | 17484 ||| INVOKING Heroism.
 17485 | Orc:2    | 17485 ||| Stepping ~*~*~tactically~*~*~ (outnumbered).
 17487 | Orc:2    | 17487 ||| Stepping ~*~*~tactically~*~*~ (outnumbered).
 17491 | Orc:2    | 17491 ||| Stepping ~*~*~tactically~*~*~ (outnumbered).
 17511 | Orc:2    | 17511 ||| INVOKING Heroism.
 17515 | Orc:2    | HP: 15/141 [orc knight/+0 great mace (25)]
 17516 | Orc:2    | 17516 ||| READING 6 scrolls of teleportation.
 17517 | Orc:2    | 17517 ||| DRINKING 2 potions of heal wounds.
 17525 | Orc:2    | HP: 28/141 [smoke demon/divine providence[an orc high
                  | priest] (11)]
 17526 | Orc:2    | 17526 ||| READING 5 scrolls of teleportation.
 17527 | Orc:2    | 17527 ||| DRINKING potion of heal wounds.
 17528 | Orc:2    | 17528 ||| INVOKING Heroism.
 17750 | Orc:2    | 17750 ||| INVOKING Heroism.
 17769 | Orc:2    | Reached skill level 22 in Ranged Weapons
 17825 | Orc:2    | 17825 ||| INVOKING Heroism.
 17849 | Orc:2    | Found Cysufewk's Jewellery Shoppe.
 17851 | Orc:2    | Found Kaxememu's Antique Weapon Emporium.
 17854 | Orc:2    | Found Goolal's Magic Scroll Shoppe.
 17855 | Orc:2    | Found Jylizoxyu's Assorted Antiques.
 17860 | Orc:2    | 17860 ||| BUYING amulet of faith (520 gold).
 17860 | Orc:2    | Bought an amulet of faith for 520 gold pieces
 17860 | Orc:2    | 17860 ||| BUYING ring "Utoutaom" {Contam rC+ rCorr Str+3
                  | SInv} (505 gold).
 17860 | Orc:2    | Bought the ring "Utoutaom" {Contam rC+ rCorr Str+3 SInv}
                  | for 505 gold pieces
 17863 | Orc:2    | 17863 ||| SHOPLISTING scroll of acquirement (780 gold, have
                  | 456).
 17863 | Orc:2    | 17863 ||| BUYING scroll of identify (30 gold).
 17863 | Orc:2    | Bought a scroll of identify for 30 gold pieces
 17863 | Orc:2    | 17863 ||| BUYING scroll of identify (30 gold).
 17863 | Orc:2    | Bought a scroll of identify for 30 gold pieces
 17863 | Orc:2    | 17863 ||| BUYING scroll of identify (30 gold).
 17863 | Orc:2    | Bought a scroll of identify for 30 gold pieces
 17863 | Orc:2    | 17863 ||| BUYING scroll of identify (30 gold).
 17863 | Orc:2    | Bought a scroll of identify for 30 gold pieces
 17863 | Orc:2    | 17863 ||| BUYING scroll of teleportation (45 gold).
 17863 | Orc:2    | Bought a scroll of teleportation for 45 gold pieces
 17864 | Orc:2    | 17864 ||| BUYING potion of cancellation (264 gold).
 17864 | Orc:2    | Bought a potion of cancellation for 264 gold pieces
 17864 | Orc:2    | 17864 ||| SHOPLISTING scroll labelled NEM VIOKAUPEUMYH (33
                  | gold, have 27).
 17864 | Orc:2    | 17864 ||| SHOPLISTING scroll of identify (66 gold, have
                  | 27).
 17887 | Orc:2    | 17887 ||| PLANNING SPIDER:1-3
 17887 | Orc:2    | 17887 ||| UPGRADING to amulet of faith.
 17897 | Orc:2    | 17897 ||| UPGRADING to ring "Utoutaom" {Contam rC+ rCorr
                  | Str+3 SInv}.
 18026 | Spider:1 | Entered Level 1 of the Spider Nest
 18050 | Spider:1 | 18050 ||| INVOKING Heroism.
 18051 | Spider:1 | 18051 ||| Stepping ~*~*~tactically~*~*~ (outnumbered).
 18058 | Spider:1 | Reached skill level 6 in Armour
 18076 | Spider:1 | Noticed Agnes
 18077 | Spider:1 | 18077 ||| INVOKING Heroism.
 18079 | Spider:1 | Reached XP level 16. HP: 90/149 MP: 19/22
 18080 | Spider:1 | HP: 28/149 [demonic crawler[a torpor snail] (12)]
 18081 | Spider:1 | 18081 ||| READING 5 scrolls of teleportation.
 18081 | Spider:1 | HP: 10/149 [redback (12)]
 18081 | Spider:1 | Received a gift from Okawaru
 18083 | Spider:1 | 18083 ||| READING 4 scrolls of teleportation.
 18084 | Spider:1 | Killed Agnes
 18089 | Spider:1 | 18089 ||| READING 3 scrolls of teleportation.
 18090 | Spider:1 | 18090 ||| Stepping ~*~*~tactically~*~*~ (outnumbered).
 18092 | Spider:1 | HP: 36/149 [emperor scorpion (5)]
 18093 | Spider:1 | 18093 ||| READING 2 scrolls of teleportation.
 18094 | Spider:1 | Slain by an emperor scorpion

Levels and vault maps discovered:
D:1:      dpeg_arrival_caged_fury, layout_loops_corners, serial_shops,
          nicolae_shop_hallway_plus, dreamdust_mushroom_princess,
          hangedman_feature_mirror
D:2:      layout_loops_ring, minmay_divided_ellipse
D:3:      layout_loops_ring
D:4:      layout_loops_ring, nicolae_dithmenos_the_darkroom
D:5:      layout_basic, nemelex_dance_club_becter
D:6:      layout_basic, minmay_temple_entry_butterflies, nicolae_zen_rock_garden
D:7:      layout_basic, mainiacjoe_overflow_brackets, vehumet_crystals,
          serial_shops, nicolae_shop_behind_doors, enter_bailey_2
D:8:      layout_basic, serial_glass, glass_columns_c, glass_columns_a,
          hangedman_abyss_or_decor_stabs, uniq_maggie
D:9:      layout_cave_pools, mainiacjoe_overflow_small_starburst, slow_altar_2,
          minmay_orc_entry_temple_small, serial_shops, shop, uniq_amaemon,
          uniq_pikel
D:10:     layout_roguey, minmay_protected_statue, uniq_harold
D:11:     layout_loops_corners, gammafunk_ghost_abyssal_escape
D:12:     layout_cave_pools, grunt_ministairs_3, lemuel_flamethrower_2,
          uniq_azrael, uniq_nessos, uniq_fannar
D:13:     layout_roguey [special_room_bee], erik_vaults_1,
          portal_ice_cave_entry_ice_simulacra, serial_shops, shop
D:14:     kennysheep_room_grid, layout_cave_pools, zin_angel
D:15:     hangedman_depths_entry_try_elsewhere_first, layout_cave_pods,
          serial_bayou_pond_a, enter_trove_2, minmay_pinched_square
Temple:   eino_temple_rhombus
Lair:1:   layout_cave_pods, beast_lair_carwin_7
Lair:2:   layout_regular_city, nicolae_shoals_entry_roost,
          nicolae_spider_entry_tight_spaces, roderic_carrion_pond
Lair:3:   layout_cellular_growth, st_stairs_4, nicolae_lair_lakeside_cave,
          grunt_megastairs_5, infiniplex_staircase_pool_2
Lair:4:   layout_regular_city
Lair:5:   due_jungle_book, layout_cave_pods, minmay_slime_entry_pillars
Spider:1: layout_spider_delve, gammafunk_ghost_mausoleum, drop_trap,
          nicolae_spider_some_kinda_spiderbox, uniq_agnes
Orc:1:    layout_diamond_mine, basic_altar, hellmonk_jugg_or_not
Orc:2:    st_orc_pillars, layout_diamond_mine, basic_altar, uniq_jorgrun

Skill      XL: |  1  2  3  4  5  6  7  8  9 10 11 12 13 14 15 |
---------------+----------------------------------------------+-----
Ranged Weapons | 5 6 7 8 9 11 12 13 15 17 19 20 22 | 22.0
Fighting       | 3 4 5 7 8 9 10 11 12 14 15 | 15.0
Armour         | 1 2 3 4 5 6 |  6.1
Dodging        | 3 4 5 6 8 9 11 13 14 | 14.7
Invocations    | 4 6 9 10 | 10.0
Stealth        | |  0.7

Action                     |  1- 3 |  4- 6 |  7- 9 | 10-12 | 13-15 | 16-18 || total
---------------------------+-------+-------+-------+-------+-------+-------++-------
   Fire: Shortbow          |   130 |   192 |   108 |       |       |       ||   430
         Orcbow            |       |       |   173 |   305 |       |       ||   478
         Longbow           |       |       |       |   248 |   196 |       ||   444
         Arbalest          |       |       |       |    12 |       |       ||    12
         Triple crossbow   |       |       |       |       |   628 |     9 ||   637
 Invoke: Heroism           |       |       |     6 |    16 |    36 |       ||    58
         Finesse           |       |       |       |     3 |     8 |       ||    11
    Use: Scroll            |     6 |    14 |     5 |     6 |     8 |     4 ||    43
         Potion            |     1 |     1 |     1 |     1 |    11 |       ||    15
 Armour: Leather armour    |     6 |       |       |       |   136 |     5 ||   147
         Ring mail         |     7 |    10 |       |       |       |       ||    17
         Robe              |       |     5 |    13 |    44 |     2 |       ||    64
  Dodge: Dodged            |    26 |    60 |   121 |   299 |  1341 |    61 ||  1908
         Repelled          |       |       |     1 |     1 |    11 |       ||    13

Table legend:
 A = Non-vault XP
 B = Vault XP
 C = Vault XP percentage of total XP
 D = Non-vault monster count
 E = Vault monster count
 F = Vault count percentage of total count
                 A         B        C        D         E       F
            +---------+---------+-------+---------+---------+-------
      Total |   79838 |   77936 |  49.4 |     444 |     268 |  37.6
            +---------+---------+-------+---------+---------+-------
        D:1 |      49 |       0 |   0.0 |      27 |       0 |   0.0
        D:2 |      48 |      53 |  52.5 |      17 |      13 |  43.3
        D:3 |      45 |       0 |   0.0 |      13 |       0 |   0.0
        D:4 |     244 |       0 |   0.0 |      22 |       0 |   0.0
        D:5 |     375 |     123 |  24.7 |      15 |       2 |  11.8
        D:6 |     321 |       0 |   0.0 |      17 |       0 |   0.0
        D:7 |     679 |       0 |   0.0 |      13 |       0 |   0.0
        D:8 |    1353 |     370 |  21.5 |      21 |       1 |   4.5
        D:9 |    3092 |    2295 |  42.6 |      27 |      11 |  28.9
       D:10 |    3050 |     860 |  22.0 |      27 |       1 |   3.6
       D:11 |    2782 |       0 |   0.0 |      12 |       0 |   0.0
       D:12 |    3703 |    5008 |  57.5 |      10 |      11 |  52.4
       D:13 |    8172 |    4685 |  36.4 |      25 |      37 |  59.7
       D:14 |    7002 |    6329 |  47.5 |      14 |      12 |  46.2
       D:15 |    3627 |   11427 |  75.9 |       8 |      19 |  70.4
     Lair:1 |    6582 |     619 |   8.6 |      30 |       6 |  16.7
     Lair:2 |    5791 |    2892 |  33.3 |      15 |      13 |  46.4
     Lair:3 |    5915 |   11560 |  66.2 |      18 |      34 |  65.4
     Lair:4 |    5448 |       0 |   0.0 |      17 |       0 |   0.0
     Lair:5 |    8955 |   16285 |  64.5 |      22 |      33 |  60.0
   Spider:1 |    7307 |    1513 |  17.2 |      19 |       1 |   5.0
      Orc:1 |    1418 |       0 |   0.0 |      17 |       0 |   0.0
      Orc:2 |    3880 |   13917 |  78.2 |      38 |      74 |  66.1
            +---------+---------+-------+---------+---------+-------
